 Dungeon Crawl Stone Soup version 0.30.1-1-g62c8e00024 (webtiles) character file.

Game seed: 6335774540237634014

5471 m3rle the Reanimator (level 11, -4/71 HPs)
             Began as a Human Necromancer on July 15, 2023.
             Was a Follower of Yredelemnul.
             Slain by a yak (14 damage)
             ... on level 9 of the Dungeon.
             The game lasted 01:51:58 (9526 turns).

m3rle the Reanimator (Human Necromancer)            Turns: 9526, Time: 01:51:58

Health: -4/71      AC:  8    Str: 12    XL:     11   Next: 0%
Magic:  1/33       EV: 18    Int: 22    God:    Yredelemnul [*.....]
Gold:   594        SH:  0    Dex: 14    Spells: 12/28 levels left

rFire   + . .        k - +3 dagger of Zin's Benevolence {speed, Fragile rF+ Str+3 Int+3}
rCold   . . .        (no shield)
rNeg    . . .        f - +2 leather armour
rPois   .            (no helmet)
rElec   +            C - +0 cloak
rCorr   .            m - +1 pair of gloves
SInv    .            (no boots)
Will    .....        (no amulet)
Stlth   ++           c - +5 ring of evasion
HPRegen 0.31/turn    O - ring of magical power
MPRegen 0.23/turn

%: no passive effects
@: no status effects
A: sense surroundings 1, electricity resistance, no potion heal 1
a: Renounce Religion, Recall Undead Harvest


You were on level 9 of the Dungeon.
You worshipped Yredelemnul.
Yredelemnul was noncommittal.
You visited 2 branches of the dungeon, and saw 10 of its levels.

You collected 602 gold pieces.
You donated 8 gold pieces to Zin.

Inventory:

Hand Weapons
 h - a +3 shortbow
 i - a +2 spear of venom
 k - the +3 dagger of Zin's Benevolence (weapon) {speed, Fragile rF+ Str+3 Int+3}
   (You found it on level 2 of the Dungeon)

   Str:       It affects your strength (+3).
   Int:       It affects your intelligence (+3).
   rF:        It protects you from fire.
   Fragile:   It will be destroyed if unequipped.
 l - a +4 scimitar
 q - the +5 Force Lance {heavy, knockback}
   (You found it on level 7 of the Dungeon)
 z - a +0 quarterstaff
 B - a +2 quarterstaff of chaos
 F - a +3 war axe
 P - a +4 great sword of freezing
 R - a +2 vampiric whip
 T - a +1 dagger of electrocution
Missiles
 d - 61 stones
 y - 7 poisoned darts
 N - 2 boomerangs
Armour
 f - a +2 leather armour (worn)
 m - a +1 pair of gloves (worn)
 p - a +1 robe
 C - a +0 cloak (worn)
Magical Staves
 g - a staff of air
 H - a staff of earth
Jewellery
 c - a +5 ring of evasion (left hand)
 o - a ring of poison resistance
 x - a ring of willpower
 O - a ring of magical power (right hand)
 S - a ring of willpower
Wands
 u - a wand of light (7)
 D - a wand of polymorph (3)
Scrolls
 j - 2 scrolls of fog
 r - a scroll of enchant weapon {unknown}
 s - a scroll of brand weapon {unknown}
 v - a scroll of acquirement {unknown}
 w - a scroll of butterflies {unknown}
 A - a scroll of torment {unknown}
 E - 2 scrolls of amnesia {unknown}
 G - a scroll of magic mapping {unknown}
 I - 2 scrolls of poison {unknown}
 K - 2 scrolls of fear {unknown}
 L - 2 scrolls of blinking {unknown}
 Q - a scroll of teleportation
Potions
 a - a potion of cancellation
 b - 3 potions of magic
 e - 5 potions of flight
 n - a potion of attraction
 t - a potion of curing
 J - a potion of berserk rage
 M - a potion of lignification {unknown}


   Skills:
 + Level 1.5 Fighting
 + Level 1.7 Short Blades
 + Level 2.8 Armour
 + Level 4.2 Dodging
 + Level 2.9 Stealth
 + Level 9.4 Spellcasting
 + Level 0.5 Conjurations
 + Level 11.0 Necromancy
 + Level 1.2 Invocations


You had 12 spell levels left.
You knew the following spells:

 Your Spells              Type           Power      Damage    Failure   Level
a - Necrotise             Necr           100%       1d9       1%          1
b - Vampiric Draining     Necr           56%        2d10      1%          3
c - Animate Dead          Necr           56%        N/A       1%          4
d - Agony                 Necr           56%        N/A       2%          5
e - Magic Dart            Conj           48%        1d5       6%          1
f - Searing Ray           Conj           24%        2d5       10%         2

Your spell library contained the following spells:

 Spells                   Type           Power      Damage    Failure   Level
 Fulminant Prism          Conj/Hex       5%         3d7       58%         4


Dungeon Overview and Level Annotations

Branches:
Dungeon (9/15)             Temple (1/1) D:7
   Lair: D:8-11         Orc: D:9-12

Altars:
Ashenzari
Cheibriados
Dithmenos
Elyvilon
Gozag
Hepliaklqana
Kikubaaqudgha
Makhleb
Nemelex Xobeh
Okawaru
Ru
Sif Muna
Trog
Uskayaw
Vehumet
Wu Jian
Xom
Yredelemnul
Zin
The Shining One

Shops:
D:2 (   D:3 [   D:6 ([[=


Innate Abilities, Weirdness & Mutations

You passively map a small area around you.
You are resistant to electric shocks. (rElec)
Potions are less effective at restoring your health.


Message History

You kill the yak!
You feel life coursing into your body.
The dead are walking!
Your Necromancy skill increases to level 11!
You have reached level 11!
The yak attacks as you move away! The yak completely misses you.
The yak attacks as you move away! The yak misses you.
Your yak zombie barely misses the yak.
There is an open door here.
Things that are here:
a +0 halberd; a +0 halberd
Things that are here:
a +0 whip; a +0 club; a +0 robe The yak attacks as you move away!
The yak closely misses you. The yak attacks as you move away!
The yak closely misses you. The yak attacks as you move away!
The yak barely misses you.
Casting: Vampiric Draining (safe; 1% risk of failure)
Confirm with . or Enter, or press ? or * to list all spells.
Aiming: Vampiric Draining (safe; 1% risk of failure)
Press: ? - help, Shift-Dir - straight line, f - yak
Aim: a yak (lightly wounded)
You draw life force from the yak!
You feel life coursing into your body. The yak closely misses you.
Casting: Vampiric Draining (safe; 1% risk of failure)
Confirm with . or Enter, or press ? or * to list all spells.
You don't have enough magic to cast this spell.
There is an open door here.
Casting: Vampiric Draining (safe; 1% risk of failure)
Confirm with . or Enter, or press ? or * to list all spells.
Aiming: Vampiric Draining (safe; 1% risk of failure)
Press: ? - help, Shift-Dir - straight line, f/p - yak
Aim: a yak (moderately wounded)
You draw life force from the yak.
You feel life coursing into your body. The yak gores you!
* * * LOW HITPOINT WARNING * * *
The yak attacks as you move away! The yak gores you!
* * * LOW HITPOINT WARNING * * *
There is an open door here.
The yak attacks as you move away! The yak gores you!
You die...
Your body rises from the dead as a mindless zombie.

......# #..'......).#
......# ###.##....)...#
......# #...##.Z......#
....Z.###.####........#
.....Y##Z.# #........#
....).#))## #........#
......).## #..Y.....#
......### #<.Y.....#
'###### ###@###### . *
#....## # ####..# * *
######'#### , *
*#.........# ,
+.........#
**#....^....# , ,,
#.........# #.....>...#


You could see 2 yaks and a friendly yak zombie.

Vanquished Creatures
  A wyvern (D:9)
  Sigmund (D:3)
  5 yaks
  3 steam dragons
  3 water moccasins
  A black bear (D:6)
  2 orc warriors
  A sky beast (D:7)
  An ogre (D:5)
  A centaur (D:6)
  3 phantoms
  4 bullfrogs
  2 scorpions
  7 wights
  13 killer bees
  3 howler monkeys
  2 orc priests
  2 hounds
  3 jellies
  Crazy Yiuf (D:4)
  Terence (D:2)
  A gnoll bouda (D:9)
  Jessica (D:2)
  4 iguanas
  3 orc wizards
  A sleepcap (D:7)
  4 gnolls (D:9)
  5 adders
  A shadow imp (D:5)
  A white imp (D:5)
  A worm (D:3)
  2 dart slugs (D:2)
  10 orcs
  4 bats
  4 endoplasms
  2 giant cockroaches
  7 goblins
  5 hobgoblins
  5 quokkas
  4 ball pythons
  2 frilled lizards
  5 kobolds
  11 rats
143 creatures vanquished.

Vanquished Creatures (collateral kills)
  A yak (D:9)
  An ogre (D:4)
  An ice beast (D:7)
  2 centaurs
  5 killer bees
  2 howler monkeys (D:8)
  A hound (D:4)
  An orc wizard (D:8)
  2 adders
  2 dart slugs
  5 orcs
  3 goblins
  2 ball pythons
  A frilled lizard (D:3)
29 creatures vanquished.

Vanquished Creatures (others)
  A water moccasin zombie (D:6)
  A yak zombie (D:7)
  2 bullfrog zombies
  An orc wizard (D:8)
  A scorpion zombie (D:4)
  8 killer bee zombies
  An ogre zombie (D:5)
  3 hound zombies
  A howler monkey zombie (D:8)
  2 steam dragon zombies
  An adder zombie (D:5)
  2 iguana zombies
  3 jelly zombies
  A bat zombie (D:3)
  2 gnoll zombies (D:9)
  A goblin zombie (D:4)
  A hobgoblin zombie (D:3)
  4 orc zombies
  A rat zombie (D:3)
37 creatures vanquished.

Grand Total: 209 creatures vanquished

Notes
Turn   | Place    | Note
-------+----------+-------------------------------------------
     0 | D:1      | m3rle the Human Necromancer began the quest for the Orb.
     0 | D:1      | Reached XP level 1. HP: 13/13 MP: 3/3
   310 | D:1      | Reached XP level 2. HP: 19/19 MP: 3/5
   573 | D:1      | Reached XP level 3. HP: 24/24 MP: 1/6
   867 | D:2      | Identified the +3 dagger of Zin's Benevolence {speed,
                  | Fragile rF+ Str+3 Int+3}
   929 | D:2      | Found a faded altar of an unknown god.
   935 | D:2      | Prayed at the altar of an unknown god.
   935 | D:2      | Became a worshipper of Zin the Law-Giver
   935 | D:2      | Reached * piety under Zin
   938 | D:2      | Fell from the grace of Zin
  1067 | D:2      | Noticed Jessica
  1172 | D:2      | Learned a level 3 spell: Vampiric Draining
  1183 | D:2      | Reached XP level 4. HP: 30/30 MP: 4/8
  1187 | D:2      | Killed Jessica
  1188 | D:2      | Reached skill level 1 in Armour
  1188 | D:2      | Reached skill level 5 in Necromancy
  1219 | D:2      | Noticed Terence
  1265 | D:2      | Killed Terence
  1266 | D:2      | Reached XP level 5. HP: 30/35 MP: 0/9
  1279 | D:2      | Learned a level 4 spell: Animate Dead
  1403 | D:2      | Found Bedig's Antique Weapon Boutique.
  1753 | D:3      | Noticed Sigmund
  1783 | D:3      | Killed Sigmund
  1784 | D:3      | Reached XP level 6. HP: 36/41 MP: 3/12
  1790 | D:3      | Learned a level 5 spell: Agony
  1828 | D:3      | Found a basalt altar of Yredelemnul.
  1838 | D:3      | Became a worshipper of Yredelemnul the Dark
  1883 | D:3      | Found Cuebenas's Antique Armour Shoppe.
  2026 | D:3      | Found a white marble altar of Elyvilon.
  2120 | D:3      | Reached * piety under Yredelemnul
  2467 | D:3      | Paralysed by the wrath of Zin for 2 turns
  2483 | D:3      | Paralysed by the wrath of Zin for 4 turns
  2684 | D:4      | Found a bloodstained altar of Trog.
  2879 | D:4      | Noticed an ogre
  2975 | D:4      | Reached XP level 7. HP: 46/46 MP: 8/13
  3060 | D:4      | Reached skill level 6 in Necromancy
  3420 | D:4      | Found a runed translucent door.
  3421 | D:4      | Noticed Crazy Yiuf
  3443 | D:4      | Killed Crazy Yiuf
  3444 | D:4      | Reached skill level 1 in Invocations
  3501 | D:4      | Found an iron altar of Okawaru.
  3795 | D:5      | Entered Level 5 of the Dungeon
  3955 | D:5      | Reached skill level 5 in Spellcasting
  4402 | D:5      | Reached skill level 1 in Short Blades
  4402 | D:5      | Reached XP level 8. HP: 31/53 MP: 8/15
  4447 | D:5      | Found a burning altar of Makhleb.
  4681 | D:5      | Gained mutation: You possess an exceptional clarity of
                  | mind. [potion of mutation]
  4753 | D:5      | Learned a level 1 spell: Magic Dart
  4756 | D:5      | Learned a level 2 spell: Searing Ray
  4830 | D:5      | Lost mutation: You possess an exceptional clarity of mind.
                  | [potion of mutation]
  4830 | D:5      | Gained mutation: You are partially covered in iridescent
                  | scales. (AC +2) [potion of mutation]
  4834 | D:5      | Lost mutation: You are partially covered in iridescent
                  | scales. (AC +2) [the wrath of Zin]
  5044 | D:6      | Reached skill level 7 in Necromancy
  5077 | D:6      | Found a shimmering altar of Xom.
  5452 | D:6      | Paralysed by the wrath of Zin for 3 turns
  5469 | D:6      | Found Voduptih's Antique Armour Emporium.
  5475 | D:6      | Found Zeyhosuck's Jewellery Emporium.
  5475 | D:6      | Found Etes's Armour Emporium.
  5484 | D:6      | Found Wujutielo's Antique Weapon Emporium.
  5913 | D:6      | Reached XP level 9. HP: 58/58 MP: 10/18
  5955 | D:6      | Reached skill level 8 in Necromancy
  6230 | D:7      | Reached skill level 1 in Fighting
  6547 | D:7      | Reached skill level 9 in Necromancy
  6660 | D:7      | Found the +5 Force Lance {heavy, knockback}
  6758 | D:7      | Reached ** piety under Yredelemnul
  6786 | D:7      | Reached XP level 10. HP: 60/66 MP: 9/21
  7153 | D:7      | Found a staircase to the Ecumenical Temple.
  7166 | Temple   | Entered the Ecumenical Temple
  7539 | D:8      | Found a hazy altar of Hepliaklqana.
  7615 | D:8      | Paralysed by the wrath of Zin for 3 turns
  7615 | D:8      | Was forgiven by Zin
  7687 | D:8      | Found a shadowy altar of Dithmenos.
  7813 | D:8      | Reached skill level 10 in Necromancy
  8746 | D:8      | Gained mutation: You passively map a small area around you.
                  | [potion of mutation]
  8746 | D:8      | Gained mutation: You are resistant to electric shocks.
                  | (rElec) [potion of mutation]
  8746 | D:8      | Gained mutation: Potions are less effective at restoring
                  | your health. [potion of mutation]
  9261 | D:9      | HP: 2/66 [wyvern (3)]
  9319 | D:9      | HP: 3/66 [wyvern (6)]
  9504 | D:9      | Reached skill level 11 in Necromancy
  9504 | D:9      | Reached XP level 11. HP: 18/71 MP: 2/24
  9526 | D:9      | Slain by a yak

Illustrated notes

Levels and vault maps discovered:
D:1:      lightli_arrival_lavapool, layout_basic
D:2:      layout_basic, ebering_ecumenical_altar_hall, serial_shops,
          nicolae_shop_tiny_statue_garden, minmay_misc_feat_x, uniq_terence,
          uniq_jessica
D:3:      minmay_chambers_of_threes, layout_rooms, kennysheep_ying_yang,
          serial_shops, nicolae_diamond_shop, kennysheep_minor_cross,
          uniq_sigmund
D:4:      layout_basic, lemuel_crystal_altar, nicolae_overflow_crystal_walls,
          minmay_misc_feat_tower, minmay_puff, uniq_crazy_yiuf_cottage
D:5:      layout_loops_corners, marbit_many_paths
D:6:      nicolae_cairo_tiling_large, layout_loops_ring, lemuel_round_altar,
          minmay_shop_grid_forest, kennysheep_generic_room_13
D:7:      hellmonk_destroyed_diamonds, layout_loops_cross, temple_hall
D:8:      layout_loops_ring, mainiacjoe_overflow_alcove_4, lemuel_doored_altar,
          grunt_ministairs_14
D:9:      layout_roguey, water_boxes_lemuel
Temple:   hellmonk_temple_forest_ring

Skill      XL: |  1  2  3  4  5  6  7  8  9 10 |
---------------+-------------------------------+-----
Armour         | 1 2 |  2.8
Necromancy     | 5 6 7 9 11 | 11.0
Spellcasting   | 4 5 6 7 9 |  9.4
Invocations    | 1 |  1.2
Short Blades   | 1 |  1.7
Fighting       | 1 |  1.5
Dodging        | 3 4 |  4.2
Stealth        | |  2.9
Conjurations   | |  0.5

Action                     |  1- 3 |  4- 6 |  7- 9 | 10-12 || total
---------------------------+-------+-------+-------+-------++-------
  Melee: Unarmed           |     6 |       |       |       ||     6
         Punch             |     1 |       |     1 |       ||     2
         Spear             |    11 |       |       |       ||    11
         Dagger            |     6 |       |    66 |    68 ||   140
   Cast: Necrotise         |    40 |    71 |   181 |   166 ||   458
         Magic Dart        |       |       |     1 |    19 ||    20
         Vampiric Draining |       |       |       |    11 ||    11
         Searing Ray       |       |       |       |     4 ||     4
 Invoke: Renounce Religion |     1 |       |       |       ||     1
         Recall Undead Har |       |     1 |     5 |     1 ||     7
    Use: Scroll            |     3 |     4 |     9 |     5 ||    21
         Potion            |       |       |     6 |    11 ||    17
 Armour: Leather armour    |     5 |     4 |    46 |    43 ||    98
  Dodge: Dodged            |    22 |    19 |   142 |   221 ||   404
